Match 32911375
Unlisted

Match 32911375
End
Engineer Squad
Construct Barracks
Selects Airborne Battlegroup
Riflemen Squad
Riflemen Squad
Grenade Package
Mechanized Support Center
Construct Medical Station
Engineer Squad
Selects Pathfinders
Selects Paratrooper Squad Paradrop
M1918 Browning Automatic Rifles
Selects Recon Loiter
Recon Loiter
Paratrooper Squad Paradrop
Construct Weapon Support Center
Paratrooper Squad Paradrop
Selects Supply Drop
Supply Drop
Selects Anti-tank Gun Team Paradrop
Construct Tank Depot
.30 cal Machine Gun
Supply Drop
Improvised Armor
M4A1 76mm Conversion
M16 Multiple Gun Motor Carriage
Selects Carpet Bombing Run
Carpet Bombing Run
M4A1(76) Sherman Medium Tank
Riflemen Squad
Recon Loiter
Supply Drop
Engineer Squad
M4A1(76) Sherman Medium Tank
Recon Loiter
Riflemen Squad
Rearm and Retrofit
Construct Motor Pool
Supply Drop
Carpet Bombing Run
M18 Hellcat Tank Destroyer
Recon Loiter
Engineer Squad
Supply Drop
Recon Loiter
Anti-tank Gun Team Paradrop
Recon Loiter
Paratrooper Squad Paradrop
Anti-tank Gun Team Paradrop
Recon Loiter
M18 Hellcat Tank Destroyer
Recon Loiter
Paratrooper Squad Paradrop
Gabe_Real
Dahlian
Tango
Turtleboy
MrAdam
Wolf 0815
Büffel
ZuDenWaffen
0
0

Comments sign in to comment!

No comments posted yet!